Map: Beckett Industries LE

Players

Asher

  • Race: Zerg Zerg
  • League: Gold
  • Spawn Location: 7:00

jamestkirk - Winner!

  • Race: Protoss Protoss
  • League: Gold
  • Spawn Location: 1:00

VOD

Have the link to the VOD?

Description

vs Lurker

Time

  • Played on: April 26, 2021, 5:15 p.m.
  • Length: 15:03
Show
View Real Time Build Order
Export as new Build Order

Asher Zerg 

Build Orders: Pool First, Lurkers 

Get SALT Encoding   

  12  0:01  Drone  
  13  0:08  Drone  
  14  0:17  Overlord  
  14  0:36  Spawning Pool  
  14  0:38  Drone  
  14  0:43  Drone  
  14  0:47  Drone  
  16  0:52  Drone  
  17  1:18  Drone  
  18  1:19  Hatchery  
  18  1:24  Drone, Extractor  
  17  1:28  Drone  
  18  1:56  Drone  
  18  1:57  Drone  
  20  2:08  Queen  
  22  2:15  Extractor  
  22  2:16  Drone  
  22  2:17  Overlord  
  22  2:36  Drone, Evolution Chamber  
  22  2:37  Queen  
  22  2:39  Drone x2  
  26  2:45  Lair  
  26  2:53  Drone  
  26  2:57  Drone  
  28  2:59  Zergling x4  
  28  3:04  Zerg Missile Weapons Level 1  
  30  3:10  Drone x2  
  32  3:15  Zergling x4  
  34  3:23  Zergling x2  
  34  3:24  Zergling x2  
  34  3:25  Metabolic Boost  
  36  3:27  Overlord  
  36  3:46  Hydralisk Den  
  36  3:47  Drone x4  
  39  3:51  Queen  
  41  3:57  Overlord  
  41  4:11  Drone x3  
  41  4:16  Extractor  
  41  4:17  Extractor  
  42  4:22  Hydralisk  
  44  4:28  Drone x2  
  44  4:29  Drone  
  46  4:41  Grooved Spines  
  46  4:46  Overseer  
  46  4:50  Hatchery  
  45  4:56  Drone x3  
  45  4:57  Drone x2  
  45  4:59  Drone  
  51  5:11  Overlord x3  
  51  5:15  Zerg Missile Weapons Level 2  
  51  5:29  Queen  
  53  5:36  Drone x3  
  53  5:37  Spire  
  53  5:38  Muscular Augments  
  55  5:58  Zergling x2  
  55  5:59  Zergling x12  
  55  6:00  Zergling x2  
  63  6:20  Drone x4  
  63  6:21  Drone x4  
  71  6:36  Baneling Nest  
  70  6:40  Drone x3  
  70  6:42  Hydralisk x2, Zergling x2  
  70  6:43  Evolution Chamber  
  77  6:48  Overseer  
  77  6:59  Queen  
  79  7:07  Zergling x2  
  79  7:08  Zergling x2  
  81  7:10  Overlord x3  
  81  7:19  Infestation Pit  
  80  7:23  Overlord x3  
  80  7:24  Overlord  
  80  7:26  Zerg Ground Armor Level 1  
  80  7:33  Hydralisk x4, Zergling x6  
  80  7:34  Zergling x2  
  80  7:36  Baneling x4  
  80  7:37  Baneling x3, Centrifugal Hooks  
  92  7:55  Hydralisk x2, Zergling x2  
  92  7:56  Zergling x4  
  92  7:57  Zergling x2  
  100  8:00  Hatchery  
  99  8:30  Hydralisk x2, Zergling x4  
  99  8:31  Zergling x2  
  106  8:35  Hydralisk x4, Zergling x4  
  106  8:36  Hydralisk, Zergling x6  
  121  8:44  Hive  
  121  8:47  Lurker Den  
  120  8:49  Zergling x6  
  120  8:50  Zergling x4  
  120  8:55  Extractor  
  124  8:58  Extractor  
  123  9:14  Hydralisk  
  123  9:15  Zergling x8, Hydralisk x2  
  123  9:16  Zergling x2  
  134  9:24  Drone x5  
  134  9:25  Drone x4  
  141  9:34  Baneling x4  
  141  9:35  Baneling x7  
  141  9:36  Baneling x3  
  141  9:39  Overlord  
  141  10:07  Baneling  
  141  10:08  Baneling x5  
  141  10:16  Overlord x4  
  141  10:19  Baneling  
  141  10:20  Baneling x6  
  141  10:21  Baneling x3  
  141  10:22  Lurker x3  
  143  10:45  Lurker x2  
  143  10:46  Lurker x3  
  148  10:51  Drone x2  
  148  10:52  Drone  
  148  10:53  Drone x3, Hatchery  
  153  10:57  Seismic Spines  
  153  11:00  Overlord  
  153  11:14  Adrenal Glands  
  153  11:34  Zergling x6  
  153  11:35  Zergling x12  
  153  11:36  Zergling x2  
  153  11:37  Baneling x3  
  153  11:39  Lurker x3  
  166  11:42  Extractor  
  166  11:43  Extractor  
  164  11:59  Zergling x8  
  164  12:00  Zergling x10  
  164  12:01  Zergling x4  
  175  12:04  Zerg Ground Armor Level 2, Zerg Melee Weapons Level 1  
  175  12:05  Overlord  
  175  12:06  Overlord x4  
  175  12:09  Adaptive Talons  
  151  12:25  Zergling x8  
  151  12:26  Zergling x14  
  118  12:34  Overlord  
  98  12:37  Zergling x2  
  98  12:38  Zergling x4  
  96  12:47  Hydralisk  
  96  12:48  Zergling x4  
  82  12:57  Baneling  
  82  12:58  Baneling x7  
  79  12:59  Baneling x2  
  79  13:09  Baneling  
  79  13:10  Baneling x6  
  79  13:11  Baneling  
  79  13:14  Drone x6  
  79  13:15  Drone x4  
  89  13:49  Hydralisk x3  
  89  13:50  Zergling x8, Hydralisk x4  
  89  13:51  Zergling x8, Hydralisk  
  113  13:57  Overseer  
  113  13:59  Ultralisk Cavern  
  112  14:03  Zergling x8  
  112  14:04  Zergling x6  
  112  14:06  Baneling x6  
  112  14:07  Baneling x2  
  117  14:21  Baneling x6  
  117  14:22  Baneling x6  
  117  14:23  Baneling x4  
  110  14:25  Zergling x2  
  110  14:26  Zergling x8, Hydralisk  
  110  14:27  Zergling x4, Hydralisk x2  
  110  14:28  Zergling x2  
Show
View Real Time Build Order
Export as new Build Order

jamestkirk Protoss - Winner!

Build Orders: 1 Gate Expand, Archon Immortal 

Get SALT Encoding   

  12  0:01  Probe  
  13  0:13  Probe  
  14  0:25  Pylon  
  14  0:26  Probe  
  15  0:43  Probe  
  15  0:44  Gateway  
  16  0:55  Probe (Chrono Boost)  
  17  0:57  Assimilator  
  17  1:07  Probe (Chrono Boost)  
  18  1:12  Probe (Chrono Boost)  
  19  1:22  Probe  
  20  1:32  Nexus  
  20  1:43  Cybernetics Core  
  20  1:51  Probe (Chrono Boost)  
  21  1:57  Assimilator  
  21  1:59  Pylon  
  21  2:01  Probe (Chrono Boost)  
  22  2:06  Probe  
  23  2:13  Gateway  
  23  2:17  Zealot  
  23  2:22  Warp Gate  
  25  2:25  Probe  
  26  2:37  Probe  
  27  2:50  Probe (Chrono Boost)  
  31  2:52  Sentry  
  31  2:53  Probe (Chrono Boost)  
  31  3:01  Probe (Chrono Boost), Robotics Facility  
  31  3:04  Probe (Chrono Boost)  
  33  3:07  Probe (Chrono Boost), Stalker  
  36  3:18  Probe (Chrono Boost)  
  36  3:19  Probe (Chrono Boost)  
  38  3:25  Probe (Chrono Boost)  
  40  3:27  Probe (Chrono Boost)  
  40  3:29  Stalker  
  40  3:33  Probe  
  43  3:39  Probe (Chrono Boost)  
  44  3:44  Pylon  
  44  3:45  Probe (Chrono Boost)  
  44  3:46  Pylon  
  45  3:55  Probe (Chrono Boost)  
  46  4:00  Probe (Chrono Boost)  
  46  4:02  Probe  
  49  4:05  Observer  
  49  4:10  Pylon  
  49  4:12  Probe  
  49  4:14  Probe  
  51  4:24  Immortal, Probe  
  56  4:32  Probe  
  56  4:34  Nexus  
  56  4:36  Probe (Chrono Boost)  
  57  4:39  Stalker x2  
  62  4:48  Probe x2 (Chrono Boost)  
  63  4:53  Assimilator  
  63  4:55  Assimilator  
  63  4:57  Probe (Chrono Boost)  
  63  4:59  Probe (Chrono Boost)  
  65  5:00  Pylon  
  65  5:09  Probe (Chrono Boost)  
  65  5:14  Pylon  
  67  5:15  Probe (Chrono Boost)  
  67  5:18  Pylon x2, Immortal  
  67  5:20  Probe (Chrono Boost)  
  72  5:24  Probe (Chrono Boost)  
  72  5:25  Probe (Chrono Boost), Stalker x2  
  78  5:30  Pylon  
  78  5:34  Probe (Chrono Boost)  
  79  5:42  Probe (Chrono Boost)  
  81  5:44  Probe (Chrono Boost)  
  81  5:54  Probe (Chrono Boost)  
  84  5:58  Stalker x2, Probe (Chrono Boost)  
  84  5:59  Probe (Chrono Boost)  
  84  6:03  Probe (Chrono Boost)  
  89  6:07  Probe x2 (Chrono Boost)  
  91  6:15  Gateway  
  91  6:16  Gateway  
  91  6:20  Gateway x2  
  91  6:22  Probe (Chrono Boost)  
  94  6:26  Probe x2 (Chrono Boost)  
  94  6:30  Assimilator, Immortal  
  94  6:32  Assimilator  
  98  6:35  Probe (Chrono Boost)  
  98  6:36  Probe (Chrono Boost)  
  98  6:39  Forge  
  100  6:43  Forge  
  100  6:45  Probe (Chrono Boost), Twilight Council  
  100  6:46  Probe (Chrono Boost)  
  103  6:51  Probe (Chrono Boost), Stalker x2  
  108  6:56  Probe (Chrono Boost)  
  108  6:58  Probe (Chrono Boost)  
  108  7:00  Probe (Chrono Boost)  
  113  7:08  Probe (Chrono Boost)  
  113  7:09  Probe (Chrono Boost)  
  113  7:10  Immortal  
  113  7:11  Probe (Chrono Boost)  
  113  7:13  Probe (Chrono Boost)  
  118  7:15  Pylon  
  118  7:17  Probe  
  118  7:19  Pylon  
  118  7:20  Probe  
  120  7:23  Protoss Ground Weapons Level 1  
  120  7:24  Protoss Ground Armor Level 1  
  120  7:25  Probe  
  120  7:27  Zealot x2  
  125  7:33  Probe x2  
  125  7:34  Pylon  
  125  7:37  Probe  
  128  7:40  Charge (Chrono Boost)  
  128  7:42  Pylon  
  128  7:45  Probe x2  
  128  7:49  Probe  
  128  7:51  Templar Archives, Immortal  
  135  7:55  Pylon  
  135  7:58  Probe  
  136  8:08  Gateway, Zealot x2  
  136  8:09  Zealot x3, Gateway  
  136  8:11  Gateway  
  146  8:23  Probe  
  147  8:37  Nexus, Pylon  
  147  8:38  Pylon  
  147  8:41  High Templar  
  147  8:42  High Templar x5  
  147  8:47  Archon x2  
  147  8:48  Archon  
  159  8:56  Photon Cannon  
  159  9:01  Immortal, Photon Cannon  
  159  9:12  Gateway x2  
  159  9:14  Gateway  
  159  9:17  Gateway  
  159  9:19  Zealot x6  
  159  9:20  Zealot  
  159  9:23  Gateway x2  
  173  9:26  Gateway  
  173  9:36  Pylon  
  171  9:45  Nexus  
  171  9:49  Protoss Ground Weapons Level 2 (Chrono Boost)  
  171  9:50  Protoss Ground Armor Level 2 (Chrono Boost)  
  171  9:54  Immortal  
  171  9:58  Pylon  
  175  10:00  Pylon  
  175  10:01  Pylon  
  175  10:18  Nexus  
  175  10:19  Pylon  
  175  10:22  Pylon  
  175  10:25  Pylon  
  175  10:37  Pylon  
  175  10:40  Pylon  
  175  10:42  Zealot x3  
  181  10:59  High Templar x9  
  199  11:06  Gateway  
  199  11:08  Gateway  
  199  11:10  Photon Cannon  
  199  11:13  Photon Cannon  
  199  11:14  Shield Battery  
  199  11:20  Photon Cannon  
  199  11:21  Photon Cannon  
  199  11:23  Archon x3  
  199  11:24  Archon  
  199  12:05  Photon Cannon  
  199  12:09  Shield Battery  
  199  12:27  High Templar x5  
  199  12:28  High Templar x8  
  199  12:29  Photon Cannon, Shield Battery  
  167  12:32  Zealot x5  
  167  12:33  Shield Battery  
  167  12:34  Photon Cannon x2  
  153  12:41  Assimilator x2  
  153  12:47  Archon x5  
  153  12:48  Archon  
  143  12:53  Zealot x3  
  143  12:54  Zealot x2  
  147  13:02  Zealot x5  
  147  13:03  Zealot x4  
  147  13:04  Zealot x2  
  169  13:07  Zealot x2  
  173  13:17  Pylon  
  173  13:29  High Templar x4  
  173  13:30  High Templar x3  
  173  13:33  Zealot x5  
  173  13:34  Zealot  
  199  13:36  Archon x3  
  199  13:43  Archon  
  199  14:28  Assimilator x2  
  145  14:42  Robotics Facility  
  149  14:47  Nexus  
  149  14:48  Pylon  
  149  14:49  High Templar x11, Pylon  
  149  14:51  Pylon  
  171  14:53  Zealot x5  
  171  14:54  Zealot x2  
Tags
 
Add a new tag
Caveats
  • Supply blocks, unpowered buildings, or Contaminate may cause inaccurate times.
  • Supply counts are checked every 10 seconds.